 Dungeon Crawl Stone Soup version 0.29-a0-275-g389c0b56f3 (webtiles) character file.

Game seed: 4241881832523971267

2174 spaghetti the Covert (level 9, -3/54 HPs)
             Began as an Octopode Brigand on Mar 11, 2022.
             Was a Believer of Cheibriados.
             Slain by a wight
             ... wielding a +0 trident
              (10 damage)
             ... on level 8 of the Dungeon.
             The game lasted 00:11:13 (5954 turns).

spaghetti the Covert (Octopode Brigand)             Turns: 5954, Time: 00:11:14

Health: -3/54      AC:  1    Str: 15    XL:     9   Next: 32%
Magic:  8/8        EV: 19    Int: 25    God:    Cheibriados [**....]
Gold:   410        SH:  0    Dex: 22    Spells: 8/8 levels left

rFire   . . .      SeeInvis .   b - +3 double sword (elec) {longrare=g}
rCold   . . .      Faith    +   (no shield)
rNeg    . . .      Spirit   .   (helmet restricted)
rPois   .          Reflect  .   l - amulet of faith {!P}
rElec   +          Harm     .   r - +6 ring of intelligence
rCorr   .          Rampage  .   (no ring)
Will    .....                   (no ring)
Stlth   ++++++....              (no ring)
HPRegen 0.18/turn               (no ring)
MPRegen 0.11/turn               (no ring)
                                (no ring)
                                (no ring)

@: very slow
A: almost no armour, amphibious, 8 rings, camouflage 1, gelatinous body 1,
(nimble swimmer 1), tentacles, low MP 1, electricity resistance
a: Renounce Religion, Bend Time


You were on level 8 of the Dungeon.
You worshipped Cheibriados.
Cheibriados was pleased with you.
You visited 2 branches of the dungeon, and saw 8 of its levels.

You collected 410 gold pieces.


Innate Abilities, Weirdness & Mutations

You cannot wear most types of armour.
You are amphibious.
You can wear up to eight rings at the same time.
Your skin changes colour to match your surroundings (Stealth+).
Your rubbery body absorbs attacks. (AC +1, EV +1)
((You are camouflaged when in or above water. (Stealth+)))
You have tentacles for arms and can constrict up to eight enemies at once.
Your magical capacity is low. (-10% MP)
You are resistant to electric shocks. (rElec)


   Skills:
 - Level 2.0 Fighting
 - Level 2.0(5.1) Short Blades
 + Level 7.5(7.6) Long Blades
 - Level 2.0 Throwing
 + Level 7.9 Dodging
 - Level 9.0 Stealth


You had 8 spell levels left.
You didn't know any spells.
Your spell library contained the following spells:

 Spells                   Type           Power      Damage    Failure   Level
 Blink                    Tloc           0%         N/A       21%         2
 Static Discharge         Conj/Air       0%         N/A       21%         2
 Gell's Gravitas          Tloc           0%         N/A       38%         3
 Lesser Beckoning         Tloc           0%         N/A       38%         3
 Teleport Other           Tloc           0%         N/A       38%         3
 Dispel Undead            Necr           0%         3d6       80%         4
 Sticky Flame             Conj/Fire      0%         2d3       80%         4
 Manifold Assault         Tloc           0%         N/A       98%         5

Inventory:

Hand Weapons
 a - a +4 shortbow {bow}
   (You took it off a centaur on level 6 of the Dungeon)
 b - a +3 double sword of electrocution (weapon) {longrare=g}
   (You acquired it on level 4 of the Dungeon)
 e - the +3 trident of Ykofeohi {drain, Dex+3, polearm}
   (You found it on level 2 of the Dungeon)

   A truly terrible weapon, it drains the life of any living foe it strikes.
   Dex:       It affects your dexterity (+3).
 i - a +1 vorpal hunting sling {sling}
   (You found it on level 8 of the Dungeon)
 k - the +7 dagger of Rotation {flame, Dex+8, short}
   (You found it on level 2 of the Dungeon)

   It burns those it strikes, dealing additional fire damage.
   Dex:       It affects your dexterity (+8).
Missiles
 c - 2 curare-tipped darts {=fthrowing}
 d - 156 stones (quivered) {throwing}
 h - a boomerang {throwing}
 n - 4 javelins {throwing}
 p - 12 poisoned darts {throwing}
Jewellery
 l - an amulet of faith (around mantle) {!P}
   (You found it on level 3 of the Dungeon)
 r - a +6 ring of intelligence (left tentacle)
   (You found it on level 7 of the Dungeon)
Scrolls
 j - 2 scrolls of magic mapping {!r}
 m - 2 scrolls of holy word
 o - 3 scrolls of amnesia
 t - a scroll of enchant armour
Potions
 f - a potion of berserk rage {!q}
 g - 2 potions of brilliance
 q - a potion of might
 u - a potion of lignification {!q}
 w - 2 potions of flight {unknown}

Dungeon Overview and Level Annotations

Branches:
Dungeon (8/15)             Temple (1/1) D:6
   Lair: D:8-11

Altars:
Ashenzari
Cheibriados
Dithmenos
Elyvilon
Gozag
Hepliaklqana
Makhleb
Nemelex Xobeh
Okawaru
Qazlal
Sif Muna
Trog
Uskayaw
Vehumet
Xom
Yredelemnul
Zin

Annotations:
D:7 Joseph

#....... #...... #.....
#.... #... #o. . #z# ..
######)# # ... #....@.#
# #.###.#.#### #
##^..^.^≈^≈## ##
#^#.≈†.≈≈^#.# .#
#^≈##....≈#.# .###
#.≈^.^.^#≈#.#
...####§≈..≈.≈.^..###
.....)§....(_.......###
#######^^§.^.^^§§.....#


You could see an orc warrior and a wight.


Message History

You slash the water moccasin!
You kill the water moccasin!
Cheibriados thoroughly appreciates the change of pace.
Cheibriados raises the support of your attributes as your movement slows.
You feel sick. 😕 HP[-2]
You take 2 damage, and now have 50/54 hp.
You feel sick.
You feel sick.
You feel sick.
You feel sick.
You feel sick.
You feel sick.
You feel sick.
You feel sick.
You feel sick.
You feel sick.
You are no longer poisoned.
There is a shaft here.
A wight, an orc warrior and an orc priest come into view. 😎 HP[+4]
Your hp is fully restored (54).
Unknown command.
Unknown command.
It was a potion of curing.
You feel better.
Your +3 double sword of electrocution {longrare=g} stops crackling.
a - a +4 shortbow (weapon)
{bow} Shoot: a) +4 shortbow {bow}
Press: ? - help, Q - select action, (/) - cycle Shift-Dir - straight line, f - orc priest
Aim: an orc priest, wielding a +0 hand axe and wearing a +0 leather armour (asleep, 98% to hit)
You shoot an arrow. The arrow hits the orc priest.
The orc priest shouts!
You hear a shout!
A wight comes into view.
It is wielding a +4 short sword of freezing.
An orc comes into view. It is wielding a +0 dagger.
You hear a shout!
You hear the crackle of electricity.
b - a +3 double sword of electrocution (weapon)
{longrare=g} You barely miss the orc priest.
You grab the orc priest. You constrict the orc priest.
The orc priest hits you with a +0 hand axe. x2 😕 HP[-5]
You take 5 damage, and now have 49/54 hp.
You hit the orc priest. You constrict the orc priest.
A wight comes into view. It is wielding a +0 trident.
The orc priest struggles to escape constriction.
You slash the orc priest!
You kill the orc priest!
Cheibriados appreciates the change of pace.
You slash the orc!
You kill the orc!
Cheibriados appreciates the change of pace.
Throw: 157 stones {throwing}
Press: ? - help, Q - select action, (/) - cycle Shift-Dir - straight line, f - wight
Aim: a wight, wielding a +0 trident and wearing a +0 robe (65% to hit)
You throw a stone {throwing}.
The stone {throwing} barely misses the wight.
The wight hits you from afar with a +0 trident. 😕 HP[-3]
You take 3 damage, and now have 46/54 hp.
Items here: )) [ †.
You hit the wight but do no damage. You grab the wight.
You constrict the wight.
The wight hits you from afar with a +0 trident. 😕 HP[-4]
You take 4 damage, and now have 42/54 hp.
You slash the wight!
You squeeze the wight, but do no damage.
You constrict the wight.
You destroy the wight!
Cheibriados appreciates the change of pace.
The wight hits you from afar with a +0 trident.
The wight barely misses you.
The wight completely misses you. 😮 HP[-4]
You take 4 damage, and now have 38/54 hp.
You barely miss the wight. Your grab misses the wight.
The orc warrior barely misses you. The wight closely misses you.
The wight hits you with a +4 short sword of freezing.
The wight freezes you. 😮 HP[-4]
You take 4 damage, and now have 34/54 hp.
You slash the wight! You grab the wight.
You constrict the wight, but do no damage.
The orc warrior hits you from afar with a +0 halberd!
* * * LOW HITPOINT WARNING * * *
The wight closely misses you. The wight misses you. 😨 HP[-16]
You take 16 damage, and now have 18/54 hp.
MASSIVE DAMAGE!! (PAUSE)
You slash the wight!
You destroy the wight!
Cheibriados appreciates the change of pace.
The wight barely misses you.
The orc warrior hits you from afar with a +0 halberd!
* * * LOW HITPOINT WARNING * * *
😱 HP[-11]
You take 11 damage, and now have 7/54 hp.
MASSIVE DAMAGE!! (PAUSE)
The wight hits you from afar with a +0 trident!
You die...

Skill      XL: |  1  2  3  4  5  6  7  8  9 |
---------------+----------------------------+-----
Stealth        | 6 7 8 9 |  9.0
Dodging        | 2 4 5 7 |  7.9
Long Blades    | 1 3 4 6 7 |  7.5
Fighting       | |  2.0
Short Blades   | |  2.0
Throwing       | |  2.0

Action                   |  1- 3 |  4- 6 |  7- 9 || total
-------------------------+-------+-------+-------++-------
Melee: Dagger            |    11 |    50 |    36 ||    97
       Constrict         |    10 |    11 |    13 ||    34
       Tentacles         |     4 |    10 |    12 ||    26
       Trident           |    41 |    18 |       ||    59
       Punch             |       |     1 |     2 ||     3
       Double sword      |       |       |    19 ||    19
 Fire: Shortbow          |       |       |    19 ||    19
Throw: Dart              |     6 |     1 |     2 ||     9
       Stone             |    89 |   132 |    20 ||   241
Evoke: Wand              |       |       |     7 ||     7
  Use: Potion            |     1 |     5 |     3 ||     9
       Scroll            |     3 |     4 |     7 ||    14
 Stab: Sleeping          |     2 |     1 |     6 ||     9
Armor: Skin              |     3 |     1 |     2 ||     6
Dodge: Dodged            |    33 |    20 |    53 ||   106

Levels and vault maps discovered:
D:1:      psy_arrival_statuary, layout_rooms
D:2:      layout_loops_ring, uniq_natasha
D:3:      layout_loops_ring, mainiacjoe_overflow_six_doors_small
D:4:      layout_layer_cave, mainiacjoe_overflow_concentric_impassable,
          mainiacjoe_overflow_boulevard
D:6:      cheibrodos_steamvent, layout_basic, mainiacjoe_overflow_brackets,
          grunt_dithmenos_smoke_and_mirrors, minmay_temple_entry_antechambers
D:7:      layout_rooms, trog_three_pillars_becter, kennysheep_cross_room,
          uniq_joseph
D:8:      layout_rooms, mainiacjoe_overflow_chevrons, grunt_qazlal_sundering,
          lemuel_crystal_altar, serial_shops, nicolae_diamond_shop
Temple:   compressed_dpeg_triangle_lava_temple

Notes
Turn   | Place    | Note
-------+----------+-------------------------------------------
     0 | D:1      | spaghetti the Octopode Brigand began the quest for the Orb.
     0 | D:1      | Reached XP level 1. HP: 14/14 MP: 1/1
     0 | D:1      | magus.rc [v1.9.6]
   343 | D:2      | Gained mutation: You tend to lose your temper in combat.
                  | [potion of mutation]
   343 | D:2      | Gained mutation: You are weak. (Str -2) [potion of
                  | mutation]
   343 | D:2      | Gained mutation: You are resistant to electric shocks.
                  | (rElec) [potion of mutation]
   347 | D:2      | Reached skill level 6 in Stealth
   347 | D:2      | Reached XP level 2. HP: 19/19 MP: 2/2
   351 | D:2      | Identified the +3 trident of Ykofeohi {drain, Dex+3}
   425 | D:1      | Reached XP level 3. HP: 23/24 MP: 3/3
   570 | D:1      | Reached skill level 7 in Stealth
  1198 | D:2      | Reached XP level 4. HP: 29/29 MP: 4/4
  1218 | D:2      | You pick up a book of Touch and begin reading...
  1218 | D:2      | You add the spells Static Discharge, Sticky Flame and
                  | Dispel Undead to your library.
  1301 | D:2      | Noticed Natasha
  1304 | D:2      | Killed Natasha
  1305 | D:2      | Reached skill level 8 in Stealth
  1564 | D:2      | Noticed Natasha
  1571 | D:2      | Killed Natasha
  1572 | D:2      | Reached XP level 5. HP: 34/34 MP: 5/5
  1591 | D:2      | Lost mutation: You are weak. (Str -2) [potion of mutation]
  1591 | D:2      | Lost mutation: You tend to lose your temper in combat.
                  | [potion of mutation]
  1591 | D:2      | Gained mutation: Your magical capacity is low. (-10% MP)
                  | [potion of mutation]
  1591 | D:2      | Noticed Natasha
  1596 | D:2      | Killed Natasha
  1664 | D:2      | Reached skill level 9 in Stealth
  1692 | D:2      | Identified the +7 dagger of Rotation {flame, Dex+8}
  2104 | D:3      | You pick up a book of Displacement and begin reading...
  2104 | D:3      | You add the spells Lesser Beckoning, Gell's Gravitas and
                  | Teleport Other to your library.
  2166 | D:3      | You pick up a book of Spatial Translocations and begin
                  | reading...
  2166 | D:3      | You add the spells Blink and Manifold Assault to your
                  | library.
  2281 | D:3      | Found a burning altar of Makhleb.
  2577 | D:4      | Found a basalt altar of Yredelemnul.
  2586 | D:4      | Reached skill level 2 in Dodging
  2977 | D:4      | Identified a scroll of acquirement
  2977 | D:4      | Acquired a +2 double sword of electrocution
  2978 | D:4      | p - a +2 double sword of electrocution {longrare=g}
  2982 | D:4      | You fall into a shaft and drop 2 floors!
  3004 | D:6      | Found a staircase to the Ecumenical Temple.
  3023 | Temple   | Entered the Ecumenical Temple
  3236 | Temple   | Became a worshipper of Cheibriados the Contemplative
  3281 | D:6      | Reached skill level 1 in Long Blades
  3281 | D:6      | Reached XP level 6. HP: 39/39 MP: 5/5
  3552 | D:6      | Noticed a sky beast
  3563 | D:6      | Killed a sky beast
  3564 | D:6      | Reached skill level 2 in Long Blades
  3564 | D:6      | Reached skill level 3 in Dodging
  3598 | D:6      | p - a +2 double sword of electrocution (weapon)
                  | {longrare=g}
  3599 | D:6      | your +2 double sword of electrocution {longrare=g} stops
                  | crackling.
  3715 | D:6      | Reached skill level 3 in Long Blades
  3715 | D:6      | Reached skill level 4 in Dodging
  3715 | D:6      | Reached XP level 7. HP: 33/45 MP: 6/6
  3833 | D:6      | Reached * piety under Cheibriados
  3836 | D:6      | b - a +2 double sword of electrocution {longrare=g}
  3900 | D:6      | Found a shadowy altar of Dithmenos.
  4041 | D:6      | Reached skill level 4 in Long Blades
  4070 | D:6      | Noticed a steam dragon
  4207 | D:6      | Noticed a steam dragon
  4214 | D:6      | Killed a steam dragon
  4215 | D:6      | Reached skill level 5 in Dodging
  4215 | D:6      | Reached XP level 8. HP: 50/50 MP: 7/7
  4258 | D:6      | Reached skill level 5 in Long Blades
  4313 | D:6      | Found a white marble altar of Elyvilon.
  4381 | D:6      | Reached skill level 6 in Dodging
  4391 | D:6      | Reached skill level 6 in Long Blades
  5137 | D:7      | b - a +2 double sword of electrocution (weapon)
                  | {longrare=g}
  5144 | D:7      | Found a bloodstained altar of Trog.
  5173 | D:7      | Reached ** piety under Cheibriados
  5175 | D:7      | Reached skill level 7 in Dodging
  5181 | D:7      | Reached XP level 9. HP: 52/54 MP: 8/8
  5335 | D:7      | Noticed Joseph
  5336 | D:7      | your +2 double sword of electrocution {longrare=g} stops
                  | crackling.
  5392 | D:8      | b - a +2 double sword of electrocution (weapon)
                  | {longrare=g}
  5394 | D:8      | HP: 12/54 [wyvern (17)]
  5397 | D:8      | Reached skill level 7 in Long Blades
  5504 | D:8      | your +2 double sword of electrocution {longrare=g} stops
                  | crackling.
  5530 | D:8      | Found a sparkling altar of Nemelex Xobeh.
  5539 | D:8      | b - a +2 double sword of electrocution (weapon)
                  | {longrare=g}
  5643 | D:8      | your +2 double sword of electrocution {longrare=g} stops
                  | crackling.
  5774 | D:8      | Found an opulent altar of Gozag.
  5803 | D:8      | Found a stormy altar of Qazlal.
  5846 | D:8      | your +2 double sword of electrocution {longrare=g} glows
                  | red for a moment.
  5850 | D:8      | b - a +3 double sword of electrocution (weapon)
                  | {longrare=g}
  5940 | D:8      | your +3 double sword of electrocution {longrare=g} stops
                  | crackling.
  5942 | D:8      | b - a +3 double sword of electrocution (weapon)
                  | {longrare=g}
  5953 | D:8      | HP: 7/54 [orc warrior/+0 halberd (11)]
  5954 | D:8      | Slain by a wight

Vanquished Creatures
  A wyvern (D:8)
  2 steam dragons (D:6)
  2 water moccasins
  An orc warrior (D:6)
  A sky beast (D:6)
  2 centaurs
  2 phantoms (D:6)
  A necrophage (D:6)
  2 scorpions (D:6)
  3 wights
  2 orc priests (D:8)
  3 hounds (D:6)
  3 jellies
  A gnoll shaman (D:6)
  An iguana (D:6)
  An orc wizard (D:6)
  Natasha (thrice) (D:2)
  4 gnolls (D:6)
  4 adders
  A shadow imp (D:6)
  2 worms
  2 dart slugs
  12 orcs
  6 ball pythons
  4 bats
  3 endoplasms
  2 giant cockroaches (D:1)
  6 goblins
  4 hobgoblins
  13 jackals
  10 kobolds
  A quokka (D:1)
  3 frilled lizards
  6 rats
114 creatures vanquished.

Vanquished Creatures (collateral kills)
  3 wights (D:7)
3 creatures vanquished.

Grand Total: 117 creatures vanquished

Table legend:
 A = Non-vault XP
 B = Vault XP
 C = Vault XP percentage of total XP
 D = Non-vault monster count
 E = Vault monster count
 F = Vault count percentage of total count
                 A         B        C        D         E       F
            +---------+---------+-------+---------+---------+-------
      Total |    2713 |     393 |  12.7 |     114 |       3 |   2.6
            +---------+---------+-------+---------+---------+-------
        D:1 |      47 |       0 |   0.0 |      24 |       0 |   0.0
        D:2 |     132 |      35 |  21.0 |      23 |       1 |   4.2
        D:3 |      41 |       0 |   0.0 |      16 |       0 |   0.0
        D:4 |      19 |       0 |   0.0 |       8 |       0 |   0.0
        D:6 |    1399 |     358 |  20.4 |      26 |       2 |   7.1
        D:7 |     344 |       0 |   0.0 |       6 |       0 |   0.0
        D:8 |     731 |       0 |   0.0 |      11 |       0 |   0.0
            +---------+---------+-------+---------+---------+-------

Illustrated notes

Table legend:
 A = Kills in this place as a percentage of kills in entire the game.
 B = Kills by you in this place as a percentage of kills by you in the entire game.
 C = Kills by friends in this place as a percentage of kills by friends in the entire game.
 D = Other kills in this place as a percentage of other kills in the entire game.
 E = Experience gained in this place as a percentage of experience gained in the entire game.
 F = Experience gained in this place divided by the number of levels of this place that you have seen.
                   A       B       C       D       E      F
               +-------+-------+-------+-------+-------+----------------------
         Total | 100.0 | 100.0 | 100.0 |   N/A | 100.0 | 388.2
       Dungeon | 100.0 | 100.0 | 100.0 |   N/A | 100.0 | 443.7
               +-------+-------+-------+-------+-------+----------------------

Table legend: (Time is in decaauts)
 A = Elapsed time spent in this place.
 B = Non-inter-level travel time spent in this place.
 C = Inter-level travel time spent in this place.
 D = Time resting spent in this place.
 E = Time spent auto-exploring this place.
 F = Levels seen in this place.
 G = Mean time per level.
                   A        B        C        D        E       F      G
               +--------+--------+--------+--------+--------+-----+--------+
         Total |   6494 |   6328 |    166 |   1149 |   4241 |   8 |  811.8 |
       Dungeon |   6256 |   6140 |    116 |   1149 |   4076 |   7 |  893.7 |
        Temple |    237 |    187 |     50 |      0 |    165 |   1 |  237.0 |
               +--------+--------+--------+--------+--------+-----+--------+

Top non-repeatable levels by time:
     D:6: 2064 daAuts
     D:2: 1217 daAuts
     D:1: 741 daAuts
     D:8: 675 daAuts
     D:3: 642 daAuts
     D:7: 528 daAuts
     D:4: 387 daAuts
  Temple: 237 daAuts
